 Dungeon Crawl Stone Soup version 0.14-a0-445-g388476e (webtiles) character file.

222 LostMyPassword the Scratcher (level 4, 20/20 HPs)
             Began as a Felid Monk on Oct 30, 2013.
             Quit the game on Level 3 of the Dungeon.
             The game lasted 00:10:57 (3651 turns).

LostMyPassword the Scratcher (Felid Monk)           Turns: 3651, Time: 00:10:57

HP  20/20        AC  1     Str  7      XL: 4   Next: 20%
MP   6/6         EV 20     Int 12      God:
Gold 141         SH  0     Dex 19      Spells:  0 memorised,  3 levels left
Lives: 0, deaths: 1

Res.Fire  : . . .   See Invis. : +     - Unarmed
Res.Cold  : . . .   Warding    : .   (armour unavailable)
Life Prot.: + . .   Conserve   : .   (shield unavailable)
Res.Poison: .       Res.Corr.  : .   (helmet unavailable)
Res.Elec. : .       Clarity    : .   (cloak unavailable)
Sust.Abil.: . .     Spirit.Shd : .   (gloves unavailable)
Res.Mut.  : .       Stasis     : .   (boots unavailable)
Res.Rott. : .       Flight     : .   (no amulet)
Saprovore : . . .                    i - ring of wizardry
                                     h - ring of positive energy {unknown}

@: quick, slightly resistant to hostile enchantments, quite stealthy
A: paw claws, no armour, no advanced items, fangs 3, see invisible, carnivore 3,
speed 1, slow metabolism 1, jump 1, AC +1
a: Jump Attack


You were on level 3 of the Dungeon.
You were not hungry.

You visited 1 branch of the dungeon, and saw 3 of its levels.

You collected 141 gold pieces.

Inventory:

Comestibles
 b - 3 meat rations
 q - 2 chunks of hobgoblin flesh
 r - a chunk of hobgoblin flesh
Scrolls
 a - a scroll of noise {unknown}
 c - a scroll of magic mapping {unknown}
 d - 3 scrolls of random uselessness {unknown}
 e - 2 scrolls of identify {unknown}
 f - a scroll of amnesia {unknown}
 g - a scroll of enchant weapon I {unknown}
 j - a scroll of recharging {unknown}
 k - a scroll of blinking {unknown}
 n - a scroll of fog {unknown}
Jewellery
 h - a ring of positive energy (left paw) {unknown}
 i - a ring of wizardry (right paw)
Potions
 l - 2 potions of curing {unknown}
 m - a potion of invisibility {unknown}
 o - a potion of restore abilities {unknown}


   Skills:
 - Level 2.0 Fighting
 - Level 4.0 Dodging
 - Level 2.6 Stealth
 * Level 6.0 Unarmed Combat


You had 3 spell levels left.
You didn't know any spells.

Dungeon Overview and Level Annotations

Branches:
Dungeon (3/27)

Altars:


Innate Abilities, Weirdness & Mutations

You cannot wear armour.
You are incapable of any advanced item manipulation.
Your paws have sharp claws.
You have razor-sharp teeth.
You have supernaturally acute eyesight.
You are carnivorous and can eat meat at any time.
You cover ground quickly.
You are covered in fur (AC +1).
You have a slow metabolism.
You can jump attack at a short distance.


Message History

You feel sick.
* * * LOW HITPOINT WARNING * * *
You feel sick. The adder bites you.
* * * LOW HITPOINT WARNING * * *
You are more poisoned.
The adder poisons you! The adder bites you.
* * * LOW HITPOINT WARNING * * *
You are more poisoned.
The adder poisons you! The adder closely misses you.
You die...
You feel sick.
You are now level 4!
You rejoin the land of the living...
b - 3 meat rations (gained 1)
An orc priest comes into view. It is wielding an orcish club.
Autopickup is now off.
Are you sure you want to abandon this character and quit the game? (Confirm with "yes".)

...##....###..
#.###...# ...
#.......## #####
#........####......
##.##.#........##..o
#.##.#..####....#..
#.##......# .....#
#.####..#.##.....#
#.# #..#..@....#
#........#.....#..#
#######.###...#....
##. .##.# ... # .
... . #. .... ## ###


You could see an orc priest (sleeping).

Vanquished Creatures
  Sigmund (D:2)
  Jessica (D:2)
  A gnoll (D:1)
  An adder (D:3)
  A worm (D:2)
  An ooze (D:1)
  5 goblins
  8 hobgoblins
  6 jackals (D:1)
  5 kobolds
  A ball python (D:2)
  7 bats
  2 giant cockroaches
  4 giant newts
  2 rats
46 creatures vanquished.

Vanquished Creatures (others)
  A hobgoblin (D:3)
1 creature vanquished.

Grand Total: 47 creatures vanquished

Notes
Turn   | Place    | Note
--------------------------------------------------------------
     0 | D:1      | LostMyPassword, the Felid Monk, began the quest for the Orb.
     0 | D:1      | Reached XP level 1. HP: 9/9 MP: 1/1
   843 | D:1      | Reached XP level 2. HP: 4/13 MP: 2/2
  1707 | D:1      | Reached XP level 3. HP: 7/16 MP: 4/4
  2527 | D:2      | Noticed Sigmund
  2538 | D:2      | Killed Sigmund
  2538 | D:2      | Reached skill level 5 in Unarmed Combat
  2538 | D:2      | Reached XP level 4. HP: 10/20 MP: 6/6
  3304 | D:2      | Noticed Jessica
  3310 | D:2      | Killed Jessica
  3310 | D:2      | Reached XP level 5. HP: 18/23 MP: 7/7
  3627 | D:3      | Reached skill level 6 in Unarmed Combat
  3633 | D:3      | HP: 1/23 [adder (2)]
  3635 | D:3      | Succumbed to an adder's poison
  3636 | D:3      | Reached XP level 4. HP: 0/20 MP: 6/6
  3651 | D:3      | Quit the game

Action                   |  1- 3 |  4- 6 || total
-------------------------+-------+-------++-------
Melee: Unarmed           |   105 |    54 ||   159
 Abil: Jump Attack       |    10 |     8 ||    18
 Stab: Sleeping          |     7 |       ||     7
